 Dungeon Crawl Stone Soup version 0.29.1-1-gd02db6906a (webtiles) character file.

Game seed: 10998034875038224185

1027 wingedge the Conjurer (level 8, -1/54 HPs)
             Began as an Octopode Earth Elementalist on Oct 12, 2022.
             Was a Priest of Jiyva.
             Slain by an orc warrior
             ... wielding a +0 halberd
              (19 damage)
             ... on level 6 of the Dungeon.
             The game lasted 00:29:56 (5789 turns).

wingedge the Conjurer (Octopode Earth Elementalist) Turns: 5789, Time: 00:29:56

Health: -1/54      AC:  1    Str:  7    XL:     8   Next: 23%
Magic:  4/12       EV: 13    Int: 26    God:    Jiyva [***...]
Gold:   61         SH:  0    Dex: 12    Spells: 3/13 levels left

rFire   . . .      SeeInvis .   h - +0 hand axe (vorpal)
rCold   . . .      Faith    +   (no shield)
rNeg    . . .      Spirit   .   (helmet restricted)
rPois   +          Reflect  .   f - amulet of faith
rElec   .          Harm     .   m - ring of poison resistance
rCorr   +          Rampage  .   x - +6 ring of intelligence
rMut    +                       (no ring)
Will    .....                   (no ring)
Stlth   +++.......              (no ring)
HPRegen 1.30/turn               (no ring)
MPRegen 0.48/turn               (no ring)
                                (no ring)

@: no status effects
A: almost no armour, amphibious, 8 rings, camouflage 1, gelatinous body 1,
(nimble swimmer 1), tentacles, mutation resistance 3, MP-powered wands
a: Renounce Religion, Oozemancy


You were on level 6 of the Dungeon.
You worshipped Jiyva.
Jiyva was most pleased with you.
You visited 1 branch of the dungeon, and saw 6 of its levels.
You also visited: Sewer.

You collected 175 gold pieces.
You spent 114 gold pieces at shops.

Inventory:

Hand Weapons
 h - a +0 vorpal hand axe (weapon)
Missiles
 b - 2 boomerangs
 j - 14 poisoned darts (quivered)
Magical Staves
 o - a staff of cold
 q - a staff of fire
Jewellery
 f - an amulet of faith (around mantle)
 m - a ring of poison resistance (left tentacle)
 x - a +6 ring of intelligence (right tentacle)
Scrolls
 c - a scroll of brand weapon
 d - a scroll of amnesia
 g - 2 scrolls of poison
 k - a scroll of vulnerability {unknown}
 n - a scroll of summoning
 w - a scroll of identify
 y - a scroll of magic mapping {unknown}
 z - a scroll of enchant armour {unknown}
Potions
 a - 2 potions of magic
 e - 3 potions of heal wounds
 i - a potion of attraction
 l - a potion of curing
 p - a potion of degeneration {unknown}
 r - 3 potions of mutation {unknown}
 s - 2 potions of brilliance
 t - a potion of haste {unknown}
 u - a potion of invisibility {unknown}
 v - a potion of might {unknown}


   Skills:
 + Level 3.6 Fighting
 - Level 2.0 Dodging
 - Level 4.0 Stealth
 + Level 3.0 Spellcasting
 - Level 5.0 Conjurations
 - Level 2.0 Transmutations
 + Level 3.3 Air Magic
 + Level 4.2 Earth Magic
 + Level 2.7 Poison Magic


You had 3 spell levels left.
You knew the following spells:

 Your Spells              Type           Power      Damage    Failure   Level
a - Sandblast             Erth           52%        2d12      1%          1
b - Stone Arrow           Conj/Erth      56%        3d10      4%          3
c - Mephitic Cloud        Conj/Pois/Air  23%        N/A       6%          3
d - Swiftness             Air            21%        N/A       7%          3

Your spell library contained the following spells:

 Spells                   Type           Power      Damage    Failure   Level
 Magic Dart               Conj           100%       1d8       1%          1
 Passwall                 Tmut/Erth      16%        N/A       4%          2
 Call Imp                 Summ           3%         N/A       14%         2
 Ensorcelled Hibernation  Hex/Ice        6%         N/A       14%         2
 Frozen Ramparts          Ice            6%         1d1       28%         3
 Petrify                  Tmut/Erth      20%        N/A       26%         4
 Ice Form                 Ice/Tmut       9%         N/A       52%         4
 Summon Ice Beast         Ice/Summ       3%         N/A       67%         4


Dungeon Overview and Level Annotations

Branches:
Dungeon (6/15)             Temple (0/1) D:4           Sewer (visited)

Altars:
Ashenzari
Fedhas
Nemelex Xobeh
Wu Jian
The Shining One

Shops:
D:2 ?


Innate Abilities, Weirdness & Mutations

You cannot wear most types of armour.
You are amphibious.
You can wear up to eight rings at the same time.
Your skin changes colour to match your surroundings (Stealth+).
Your rubbery body absorbs attacks. (AC +1, EV +1)
((You are camouflaged when in or above water. (Stealth+)))
You have tentacles for arms and can constrict up to eight enemies at once.
You are almost entirely resistant to further mutation and mutation removal.
You expend magic power (3 MP) to strengthen your wands.


Message History

Aiming: Stone Arrow (dangerous; 4% risk of failure)
Press: ? - help, Shift-Dir - straight line, f - orc
Aim: an orc, wielding a +0 club (71% to hit)
The stone arrow hits the orc!!
You kill the orc!
Unknown command.
Casting: Stone Arrow (dangerous; 4% risk of failure)
Confirm with . or Enter, or press ? or * to list all spells.
Aiming: Stone Arrow (dangerous; 4% risk of failure)
Press: ? - help, Shift-Dir - straight line, f - orc warrior
Aim: an orc warrior, wielding a +0 halberd and wearing a +0 chain mail (confused, 90% to hit)
The stone arrow hits the orc warrior!!
The orc warrior is severely wounded.
Casting: Stone Arrow (dangerous; 4% risk of failure)
Confirm with . or Enter, or press ? or * to list all spells.
Aiming: Stone Arrow (dangerous; 4% risk of failure)
Press: ? - help, Shift-Dir - straight line, f - orc, p - orc warrior
Aim: an orc, wielding a +0 morningstar and wearing a +0 chain mail (79% to hit)
The stone arrow hits the orc!
You kill the orc!
Unknown command.
Unknown command.
Items here: (( ))).
The orc warrior hits you with a +0 halberd.
You catch the helpless orc warrior completely off-guard!
You hit the orc warrior but do no damage.
You grab the orc warrior.
You squeeze the orc warrior, but do no damage.
The orc warrior is heavily wounded.
You constrict the orc warrior, but do no damage.
The orc warrior struggles to escape constriction.
You hit the orc warrior but do no damage.
The orc warrior is heavily wounded.
You constrict the orc warrior, but do no damage.
The orc warrior seems less confused.
The orc warrior hits you with a +0 halberd!!
The orc warrior hits you with a +0 halberd!
You release your grip on the orc warrior.
The orc warrior hits you from afar with a +0 halberd!!
You die...

.##)......# ##..#
.#.....##.####..##
............##..##
.................###
#.....##.......)...##
#.....###...........#
#.....# ####).....o.####
......# ##.........(#
......# ####....@..))#...
...........)...).......#
##.......................
....<.#.......##..#
#.#####.......# .. #
####....# . #....# ######


You could see an orc warrior.

Vanquished Creatures
  Edmund (D:4)
  An ice beast (D:6)
  A black bear (D:5)
  A kobold brigand (D:6)
  Blork the orc (D:6)
  2 bullfrogs (D:6)
  A scorpion (D:6)
  2 jellies (Sewer)
  An orc priest (D:4)
  4 hounds
  An iguana (D:5)
  An orc wizard (D:5)
  A gnoll (D:4)
  6 adders
  A river rat (Sewer)
  2 shadow imps (D:6)
  An ufetubus (D:6)
  3 dart slugs (D:1)
  14 orcs
  9 ball pythons
  9 bats
  15 endoplasms
  9 giant cockroaches
  4 goblins
  3 hobgoblins
  3 jackals (D:1)
  11 kobolds
  11 quokkas
  6 frilled lizards
  11 rats
136 creatures vanquished.

Vanquished Creatures (others)
  Grinder (D:5)
  An ogre (D:5)
  A bullfrog (D:5)
  A scorpion (D:5)
  A hound (D:5)
  4 jellies
  2 gnolls (D:4)
  An endoplasm (D:5)
  5 orcs
  A quokka (D:5)
  A ball python (D:4)
  4 kobolds
  A plant (D:3)
24 creatures vanquished.

Grand Total: 160 creatures vanquished

Notes
Turn   | Place    | Note
-------+----------+-------------------------------------------
     0 | D:1      | wingedge the Octopode Earth Elementalist began the quest
                  | for the Orb.
     0 | D:1      | Reached XP level 1. HP: 11/11 MP: 3/3
   133 | D:1      | Reached XP level 2. HP: 17/17 MP: 3/5
   300 | D:1      | Found a faded altar of an unknown god.
   686 | D:1      | Reached XP level 3. HP: 21/21 MP: 2/6
   728 | D:1      | Learned a level 3 spell: Stone Arrow
   983 | D:1      | Reached skill level 1 in Conjurations
  1810 | D:2      | Found Myt Xies's Magic Scroll Shop.
  1817 | D:2      | Reached skill level 1 in Poison Magic
  1831 | D:2      | Reached XP level 4. HP: 27/27 MP: 4/7
  2476 | D:3      | Found a blossoming altar of Fedhas.
  2584 | D:3      | Learned a level 3 spell: Mephitic Cloud
  2988 | D:4      | Found a staircase to the Ecumenical Temple.
  3024 | D:4      | Reached XP level 5. HP: 31/31 MP: 6/8
  3028 | D:4      | Found a glowing drain.
  3050 | Sewer    | Entered a sewer
  3160 | Sewer    | Reached skill level 1 in Air Magic
  3275 | Sewer    | Reached skill level 2 in Conjurations
  3306 | Sewer    | Reached skill level 1 in Fighting
  3368 | Sewer    | Reached skill level 3 in Conjurations
  3368 | Sewer    | Reached XP level 6. HP: 22/38 MP: 6/9
  3510 | Sewer    | Found a viscous altar of Jiyva.
  3537 | Sewer    | Became a worshipper of Jiyva Jalih the Shapeless
  4119 | D:4      | Noticed Edmund
  4147 | D:4      | Killed Edmund
  4148 | D:4      | Reached skill level 4 in Conjurations
  4148 | D:4      | Reached XP level 7. HP: 23/45 MP: 4/10
  4330 | D:4      | Reached * piety under Jiyva
  4387 | D:4      | Found a glowing golden altar of the Shining One.
  4590 | D:2      | Bought a scroll of summoning for 114 gold pieces
  4633 | D:5      | Entered Level 5 of the Dungeon
  4758 | D:5      | Reached ** piety under Jiyva
  4849 | D:5      | Found a sparkling altar of Nemelex Xobeh.
  4850 | D:5      | Killed Grinder
  4925 | D:5      | Learned a level 3 spell: Swiftness
  5024 | D:5      | Found a broken altar of Ashenzari.
  5208 | D:5      | Found an ornate altar of the Wu Jian Council.
  5307 | D:5      | Reached skill level 5 in Conjurations
  5480 | D:6      | Reached *** piety under Jiyva
  5500 | D:6      | Gained mutation: You expend magic power (3 MP) to
                  | strengthen your wands. [Jiyva's grace]
  5500 | D:6      | Gained mutation: You are somewhat resistant to further
                  | mutation. [Jiyva's grace]
  5500 | D:6      | Gained mutation: You are somewhat resistant to both further
                  | mutation and mutation removal. [Jiyva's grace]
  5500 | D:6      | Gained mutation: You are almost entirely resistant to
                  | further mutation and mutation removal. [Jiyva's grace]
  5540 | D:6      | Noticed Blork the orc
  5545 | D:6      | Killed Blork the orc
  5556 | D:6      | Reached XP level 8. HP: 52/52 MP: 2/12
  5789 | D:6      | Slain by an orc warrior

Illustrated notes

Levels and vault maps discovered:
D:1:      shiori_arrival_maze, layout_basic,
          shapermc_ecumenical_altar_mp_ritualfount
D:2:      layout_basic, serial_shops, shop
D:3:      layout_loops_cross, fedhas_ov_isle_minmay
D:4:      layout_basic, mainiacjoe_overflow_alcove_2, minmay_temple_entry_glass,
          gup_sewer_entry_pipe, uniq_edmund
D:5:      layout_basic, marbit_many_paths, nzn_wu_jian_council_hall,
          nemelex_dance_club_becter, uniq_grinder
D:6:      layout_rooms, grunt_ministairs_14, minmay_misc_feat_nine_boxes,
          uniq_blork_the_orc

Skill      XL: |  1  2  3  4  5  6  7 |
---------------+----------------------+-----
Stealth        | 3 4 |  4.0
Earth Magic    | 4 |  4.2
Conjurations   | 1 3 4 5 |  5.0
Poison Magic   | 1 2 |  2.7
Transmutations | 2 |  2.0
Air Magic      | 1 2 3 |  3.3
Fighting       | 1 2 3 |  3.6
Spellcasting   | 3 |  3.0
Dodging        | |  2.0

Action                   |  1- 3 |  4- 6 |  7- 9 || total
-------------------------+-------+-------+-------++-------
Melee: Short sword       |     9 |    17 |       ||    26
       Constrict         |     3 |     5 |     6 ||    14
       Tentacles         |       |     4 |     4 ||     8
       Punch             |       |     1 |     1 ||     2
       Hand axe          |       |       |    14 ||    14
Throw: Dart              |       |     4 |       ||     4
 Cast: Sandblast         |    52 |    83 |     4 ||   139
       Stone Arrow       |       |     7 |    39 ||    46
       Mephitic Cloud    |       |     3 |     4 ||     7
  Use: Potion            |       |     5 |       ||     5
       Scroll            |       |     5 |     1 ||     6
 Stab: Sleeping          |     1 |     1 |     1 ||     3
       Confused          |       |       |     1 ||     1
Armor: Skin              |     5 |     3 |       ||     8
Dodge: Dodged            |    12 |    32 |     8 ||    52
